 Dungeon Crawl Stone Soup version 0.28.0-45-g0d030f2227 (webtiles) character file.

Game seed: 17472875572122566835

9 Descartes the Grasshopper (level 2, 13/13 HPs)
             Began as a Felid Warper on Apr 7, 2022.
             Was a Follower of Okawaru.
             Got out of the dungeon alive.
             The game lasted 00:01:06 (323 turns).

Descartes the Grasshopper (Felid Warper)             Turns: 323, Time: 00:01:07

Health: 13/13      AC:  1    Str:  7    XL:     2   Next: 6%
Magic:  6/6        EV: 18    Int: 14    God:    Okawaru [*.....]
Gold:   28         SH:  0    Dex: 15    Spells: 5/5 levels left
                                        Lives:  0   Deaths: 0

rFire   . . .      SeeInvis +     - Unarmed
rCold   . . .      Faith    .   (shield unavailable)
rNeg    . . .      Spirit   .   (armour unavailable)
rPois   .          Reflect  .   (helmet unavailable)
rElec   .          Harm     .   (cloak unavailable)
rCorr   .          Rampage  .   (gloves unavailable)
Will    .....                   (boots unavailable)
Stlth   ++........              (no amulet)
HPRegen 0.04/turn               (no ring)
MPRegen 0.10/turn               (no ring)

@: quick
A: very small, claws 1, fangs 3, see invisible, speed 1, shaggy fur 1, stealthy
paws, no weapons or thrown items, no armour, multi-lived
a: Renounce Religion, Heroism


You escaped.
You worshipped Okawaru.
Okawaru was aware of your devotion.
You visited 1 branch of the dungeon, and saw 1 of its levels.

You collected 28 gold pieces.

Inventory:

Scrolls
 a - a scroll of blinking
 c - a scroll of identify {unknown}
Potions
 b - 2 potions of mutation {unknown}
 d - a potion of degeneration {unknown}


   Skills:
 - Level 2.0 Fighting
 + Level 3.4 Dodging
 * Level 1.5 Stealth
 + Level 2.1 Unarmed Combat
 - Level 2.0 Spellcasting
 + Level 4.6 Translocations


You had 5 spell levels left.
You didn't know any spells.
Your spell library contained the following spells:

 Spells                   Type           Power      Damage    Failure   Level
 Blink                    Tloc           28%        N/A       5%          2
 Gell's Gravitas          Tloc           14%        N/A       11%         3
 Lesser Beckoning         Tloc           14%        N/A       11%         3
 Teleport Other           Tloc           14%        N/A       11%         3
 Manifold Assault         Tloc           14%        N/A       69%         5


Dungeon Overview and Level Annotations

Branches:
Dungeon (1/15)

Altars:
Okawaru

Shops:
D:1 *


Innate Abilities, Weirdness & Mutations

You have sharp claws.
You have razor-sharp teeth.
You have supernaturally acute eyesight. (SInv)
You cover ground quickly. (Speed+)
You are covered in fur. (AC +1)
Your paws help you pounce on unaware monsters.
You are incapable of wielding weapons or throwing items.
You cannot wear armour.
You gain extra lives every three experience levels.


Message History

The quokka is severely wounded.
The quokka misses you.
You scratch the quokka.
You kill the quokka!
You have reached level 2!
A ball python comes into view.
Found a metallic golden potion.
A kobold comes into view. It is wielding a +0 whip.
The kobold shouts!
Found a faded altar of an unknown god.
You closely miss the kobold. You bite the kobold.
You kill the kobold!
The ball python misses you. The ball python grabs you.
The ball python constricts you.
Things that are here:
a +0 whip; a kobold corpse You scratch the ball python.
The ball python is moderately wounded.
The ball python barely misses you. The ball python constricts you.
You closely miss the ball python. You bite the ball python.
You kill the ball python!
No target in view!
No target in view!
You see here a ball python corpse.
There is a faded altar of an unknown god here.
You cannot tell which god this altar belongs to.
Convert to them anyway?
Okawaru accepts your prayer! Okawaru welcomes you!
You can now gain great but temporary skills.
Unknown command.
Press < or > to pray at altars.
There is an open door here.
HP restored.
There is an open door here.
There is a stone staircase leading down here.
You open the door.
There is an open door here.
There is a staircase leading out of the dungeon here.
Are you sure you want to leave the Dungeon?
This will make you lose the game!
You have escaped!

#.....#...........
#.#####........... ##.##
#...........
###8'8###....####....
##≈≈≈.≈≈≈##...# #####
##≈≈≈.P.≈≈≈##..#
##≈≈P..8..P≈≈##.#
#≈≈≈.......≈≈≈#.# #
#≈P.8..@..8.P≈#.#
#.#≈≈≈.......≈≈≈#.#
#.##≈≈P..8..P≈≈##.#
.##..##≈≈≈.P.≈≈≈##..# ##
......##≈≈≈.≈≈≈##...#######.
#....###8'8###............
#.........................
#.#.#.#.#########.........
#...#.# #########.


There were no monsters in sight!

Vanquished Creatures
  2 endoplasms (D:1)
  A giant cockroach (D:1)
  A goblin (D:1)
  A hobgoblin (D:1)
  A quokka (D:1)
  A ball python (D:1)
  A kobold (D:1)
8 creatures vanquished.

Notes
Turn   | Place    | Note
-------+----------+-------------------------------------------
     0 | D:1      | Descartes the Felid Warper began the quest for the Orb.
     0 | D:1      | Reached XP level 1. HP: 9/9 MP: 4/4
   178 | D:1      | Reached skill level 1 in Stealth
   181 | D:1      | Found Rogawem's General Store.
   244 | D:1      | Reached XP level 2. HP: 13/13 MP: 6/6
   262 | D:1      | Found a faded altar of an unknown god.
   274 | D:1      | Prayed at the altar of an unknown god.
   274 | D:1      | Became a worshipper of Warmaster Okawaru
   274 | D:1      | Reached * piety under Okawaru
   323 | D:$      | Got out of the dungeon alive.

Illustrated notes

Levels and vault maps discovered:
D:1:      lightli_arrival_statuegarden, layout_basic,
          ebering_ecumenical_altar_ruins, serial_shops,
          nicolae_shop_advertising_works [nicolae_subvault_shop_adworks],
          nicolae_lakefront_shop, minmay_tree_intersection, fountainhead,
          hangedman_decor_opposing

Skill      XL: |  1 |
---------------+----+-----
Stealth        | 1 |  1.5
Fighting       | |  2.0
Dodging        | |  3.4
Unarmed Combat | |  2.1
Spellcasting   | |  2.0
Translocations | |  4.6

Action                   || total
-------------------------++-------
Melee: Unarmed           ||    20
       Bite              ||     2
 Stab: Sleeping          ||     2
Armor: Skin              ||     2
Dodge: Dodged            ||    12
